Higgins, chaotic male human Barbarian ----- --------- |<..--- ------.......-- ------- |.....---|.........--..| |.@...| --..|....|.---------|..| |..@..| --.|-.....---- ---- |.'...| --|.........|--- ---|--- ----.|....|..--- |.| -----..|....| .---- |.| ------ |..|..... .....---.-- |.%!%| --......- ..........----- ....| |....... ..|...........--- -|- ------....-------...---......-- ------.---...-|[..-|..|..|-...|..---...| |..|-.........|).--|..|..|--.....--....|. |..-...............-.---|-----..-|....... -----.....{....----)))).).........|...`... |..............-- --+--.---------......... -+-----.........| |.|.(((| --.......- -..------- |.-.(((| ---...--- ---- --|.(((| ----- ----- Higgins the Bandit Experience level: 6 Strength: 18/02 Dexterity: 15 Constitution: 18 Intelligence: 8 Wisdom: 8 Charisma: 6 Health: 0(72) Energy: 19(19) Def: 3 Gold: 162 Moves: 2950 Dungeon seed: pE7bL96SoAYnCci9 Game ID: Higgins_1524196498 Your Inventory: Coins $ - 162 gold pieces Weapons a - a +0 battle-axe (weapon in hands) b - a +0 short sword (alternate weapon; not wielded) g - a +0 scimitar h - 8 +0 shuriken k - a +0 mace n - 14 +0 arrows o - a +0 bow p - 10 +0 darts t - a +0 dagger Armor e - an uncursed +0 ring mail (being worn) v - an uncursed +0 dwarvish cloak w - an uncursed +0 pair of iron shoes D - an uncursed +0 dwarvish cloak F - an uncursed +0 dwarvish iron helm G - an uncursed +0 dwarvish mithril-coat N - an uncursed +0 dwarvish cloak Y - a blessed +1 pair of iron shoes Comestibles q - an uncursed pear S - an uncursed golden naga hatchling corpse T - an uncursed acid blob corpse U - an uncursed gecko corpse Scrolls d - an uncursed scroll of magic mapping C - an uncursed scroll of identify O - an uncursed scroll of teleportation Potions f - an uncursed potion of fruit juice i - an uncursed potion of water j - an uncursed potion of enlightenment m - an uncursed potion of gain ability E - an uncursed potion of gain energy H - an uncursed potion of extra healing L - an uncursed potion of gain level Wands P - a wand of digging (0:8) Tools l - 8 uncursed tallow candles (0:200) r - an uncursed wax candle (0:400) s - a blessed tallow candle (0:200) u - a +0 pick-axe B - an uncursed brass lantern (0:1135) K - an uncursed tin opener M - a bag of tricks (0:15) Gems y - 9 uncursed rocks z - an uncursed amethyst stone I - 2 uncursed worthless pieces of yellowish brown glass J - 2 uncursed worthless pieces of white glass Spells and supernatural/magical abilities: Name Level Category Fail Memory W - pray for help -- divine ? -- Your skills at the end: Fighting Skills bare handed combat [Basic] Weapon Skills axe [Skilled] short sword [Basic] Spellcasting Skills Final Attributes: You were piously aligned. You were poison resistant. You were held by a rope golem. You are dead. Vanquished creatures: a gnome king a dog a soldier ant 2 ponies 5 gnome lords 2 gnomish wizards a golden naga hatchling a guardian naga hatchling 8 dwarves a homunculus a kobold shaman 3 hill orcs a centipede 2 orc zombies 2 acid blobs 2 coyotes a hobbit a large kobold 19 gnomes 7 garter snakes 2 gnome zombies 2 geckos 2 jackals 2 kobolds 6 grid bugs 3 lichens 2 kobold zombies 5 newts 86 creatures vanquished. Voluntary challenges: You used a wielded weapon 73 times, starting on turn 4. You read items or engraved 137 times, starting on turn 987. You never genocided any monsters. You never polymorphed an object. You never changed form. You used no wishes. You never split a pudding. You wrote Elbereth's name 131 times, starting on turn 989. You never violated your personal moral code. Dungeon overview: The Dungeons of Doom: levels 1 to 3 Level 1 a long staircase Level 2 a fountain, a sink Level 3 stairs to The Gnomish Mines The Gnomish Mines: levels 4 to 6 Level 4 stairs to The Dungeons of Doom Level 5 Level 6 <- You were here some shops, a temple to Crom, a fountain History has recorded: On T:1 you entered the Dungeons of Doom to retrieve the Amulet of Yendor! On T:368 you reached level 2 of The Dungeons of Doom. On T:624 you reached level 3 of The Dungeons of Doom. On T:649 you advanced to experience level 2. On T:937 you reached level 1 of The Gnomish Mines. On T:973 you advanced to experience level 3. On T:1027 you advanced to experience level 4. On T:1381 you advanced to experience level 5. On T:1424 you reached level 2 of The Gnomish Mines. On T:2217 you advanced to experience level 6. On T:2309 you reached level 3 of The Gnomish Mines. Score breakdown: Gold: 162 ( 7525 points) Experience: 6 levels (12456 points) Exploration: 6 levels ( 12.00%) ( 9583 points) Discoveries: 2 items ( 0.81%) ( 2705 points) Valuables value: (no points given unless you survive) Artifact value: 0 ( 0 points) Variety of kills: 28 monsters ( 7.35%) ( 8132 points) Turncount: 2950 turns ( -575 points) Survival: died (score multiplied by 80%) Total score: 31860 Latest messages: l - 8 uncursed candles. u - an uncursed pick-axe. K - an uncursed tin opener. y - 9 uncursed rocks. z - an uncursed violet gem. J - 2 uncursed white gems. I - 2 uncursed yellowish brown gems. You rebalance your load. Movement is difficult. The rope golem hits! (2x) The rope golem grabs you! You smite the rope golem! The rope golem hits! (2x) You are being choked. The rope golem hits! (2x) You are being choked. You miss the rope golem. The rope golem hits! (2x) You are being choked. You cannot escape from the rope golem! The rope golem hits! (2x) You are being choked. The rope golem hits! (2x) You are being choked. You die... Final status: Goodbye Higgins the Barbarian, killed by a rope golem... You died in The Gnomish Mines on dungeon level 6 with 31860 points, and 162 pieces of gold, after 2950 moves. You were level 6 with a maximum of 72 hit points when you died.